AoeStats
← chewie1706

Fortress

507371481Analyzed
4v4 RM · 13d ago on Sep 17, 2026· 41m 15s· 8 players
Game mode
Random Map
Map size
Huge
Population
200
Speed
Normal
Resources
Standard
Victory
Conquest
Starting age
Dark Age
Ending age
Imperial Age
RankedLock teamsTeams togetherTeam positionsShared explorationLock speedFull tech treeHidden civsTurbo modeCheats
Victory
Defeat
🇦🇷 Bengalis · Argentina
1464
+13
🇺🇸 Georgians · United States
1437
+14
🇧🇷 Tupi · Brazil
1428
+14
🇲🇩 Spanish · Moldova
1393
+16
🇫🇷 Mongols · France
1499
-18
🇫🇷 Wu · France
1469
-17
🇫🇷 Franks · France
1375
-14
🇫🇷 Burmese · France
1237
-8
all peacocks are the same
7:15 Feudal Age
6:24 Loom
6:43 Loom
12:23 Castle Age
11:29 Double-Bit Axe
13:22 Bow Saw
17:35 Horse Collar
20:55 Gold Mining
23:19 Elite Skirmisher
25:28 Fletching
26:22 Heavy Plow
27:56 Wheelbarrow
27:07 Town Watch
28:12 Caravan
28:46 Pikeman
29:26 Squires
29:36 Scale Mail Armor
29:46 Forging
33:58 Imperial Age
32:11 Hand Cart
33:07 Chain Mail Armor
33:27 Iron Casting
33:01 Svan Towers
33:35 Bodkin Arrow
33:43 Guard Tower
34:16 Masonry
34:27 Ballistics
33:59 Halberdier
36:21 Keep
36:09 Bracer
36:52 Plate Mail Armor
37:00 Arrowslits
38:17 Chemistry
37:27 Onager
41:01 Conscription
solo rankeding
7:54 Feudal Age
8:43 Double-Bit Axe
11:28 Castle Age
12:37 Bow Saw
13:14 Horse Collar
14:59 Heavy Plow
16:47 Wheelbarrow
19:51 Hand Cart
19:52 Gold Mining
24:35 Imperial Age
22:53 Scale Barding Armor
22:58 Forging
23:19 Bloodlines
23:09 Husbandry
24:16 Chain Barding Armor
25:07 Iron Casting
24:38 Cavalier
25:59 Plate Barding Armor
26:01 Iron Casting
26:34 Paladin
30:21 Blast Furnace
29:22 Loom
29:22 Town Watch
30:15 Ballistics
30:55 Chemistry
30:40 Caravan
32:24 Fletching
34:26 Bodkin Arrow
34:30 Murder Holes
35:07 Conscription
35:52 Bracer
38:04 Two-Man Saw
SeiyaPegasus
7:13 Feudal Age
6:38 Loom
11:16 Castle Age
9:19 Horse Collar
10:00 Double-Bit Axe
14:21 Bow Saw
15:13 Heavy Plow
19:25 Wheelbarrow
20:32 Gold Mining
20:34 Stone Mining
21:41 Hand Cart
22:05 Gold Shaft Mining
26:10 Imperial Age
23:51 Fletching
24:23 Ballistics
23:51 Town Watch
24:28 Bodkin Arrow
24:33 Padded Archer Armor
25:04 Squires
24:24 Pikeman
25:07 Scale Mail Armor
26:17 Town Patrol
26:51 Bracer
26:58 Curare
27:55 Chemistry
28:00 Conscription
29:15 Leather Archer Armor
29:10 Forging
28:56 Halberdier
29:28 Arson
29:59 Chain Mail Armor
29:27 Elite Blackwood Archer
31:06 Ring Archer Armor
31:45 Iron Casting
32:40 Plate Mail Armor
32:59 Murder Holes
32:45 Treadmill Crane
36:42 Hoardings
ZarckNogh
7:51 Feudal Age
8:34 Loom
11:39 Castle Age
10:24 Double-Bit Axe
10:19 Horse Collar
13:42 Bow Saw
14:59 Town Watch
16:21 Wheelbarrow
18:52 Hand Cart
21:49 Heavy Plow
25:54 Imperial Age
24:26 Fletching
24:53 Padded Archer Armor
25:34 Bodkin Arrow
25:55 Leather Archer Armor
26:51 Ballistics
26:17 Elite Elephant Archer
28:37 Chemistry
27:50 Fortified Wall
27:50 Masonry
28:14 Bloodlines
28:05 Husbandry
28:22 Caravan
28:44 Light Cavalry
29:51 Conscription
29:40 Paiks
30:20 Guilds
32:13 Crop Rotation
32:16 Siege Engineers
41:22 Bracer
41:53 Ring Archer Armor
41:55 Architecture
41:19 Guard Tower
41:15 Arrowslits
chewie1706
6:48 Feudal Age
10:54 Castle Age
9:24 Horse Collar
9:55 Double-Bit Axe
11:56 Heavy Plow
18:02 Loom
19:35 Wheelbarrow
19:57 Bow Saw
25:36 Imperial Age
24:04 Husbandry
24:14 Bloodlines
24:04 Fletching
24:48 Bodkin Arrow
24:54 Padded Archer Armor
25:51 Thumb Ring
25:49 Gold Mining
25:50 Stone Mining
26:24 Bracer
27:06 Leather Archer Armor
27:25 Ballistics
28:10 Chemistry
27:46 Drill
27:59 Parthian Tactics
27:49 Onager
29:16 Conscription
29:57 Masonry
29:44 Murder Holes
29:54 Siege Engineers
30:09 Siege Onager
34:23 Elite Mangudai
34:58 Town Watch
35:29 Hand Cart
35:25 Masonry
35:11 Murder Holes
35:06 Guard Tower
35:26 Fortified Wall
36:31 Caravan
Eras Mousse
7:47 Feudal Age
11:30 Castle Age
9:23 Horse Collar
9:47 Double-Bit Axe
10:31 Gold Mining
10:50 Stone Mining
11:15 Fletching
13:08 Bow Saw
17:38 Bodkin Arrow
17:43 Loom
18:56 Padded Archer Armor
23:07 Red Cliffs Tactics
24:26 Leather Archer Armor
30:07 Wheelbarrow
33:02 Imperial Age
32:15 Hand Cart
32:25 Pikeman
33:06 Squires
33:50 Bracer
34:51 Chemistry
34:57 Halberdier
36:38 Scale Mail Armor
36:48 Forging
36:25 Town Watch
38:55 Chain Mail Armor
AGS.Euphiebe
6:02 Loom
8:57 Feudal Age
12:46 Castle Age
10:45 Horse Collar
15:38 Loom
17:02 Sanctity
20:15 Wheelbarrow
20:09 Sanctity
20:38 Sanctity
22:05 Heavy Plow
23:44 Town Watch
26:40 Imperial Age
25:30 Forging
25:25 Scale Barding Armor
26:55 Iron Casting
26:22 Husbandry
26:33 Bloodlines
26:42 Fletching
27:53 Elite Battle Elephant
29:47 Blast Furnace
30:32 Chain Barding Armor
31:21 Crop Rotation
32:41 Plate Barding Armor
36:30 Scale Mail Armor
36:33 Squires
35:53 Pikeman
37:31 Chain Mail Armor
AGS.Sylvatica
7:25 Feudal Age
11:36 Castle Age
9:23 Double-Bit Axe
18:06 Wheelbarrow
17:18 Town Watch
18:10 Loom
23:51 Imperial Age
22:03 Scale Barding Armor
22:08 Forging
22:04 Gold Mining
22:29 Bow Saw
23:23 Husbandry
25:30 Gold Shaft Mining
24:55 Cavalier
27:03 Hand Cart
27:22 Chain Barding Armor
28:28 Chemistry
27:49 Ballistics
28:18 Iron Casting
29:33 Paladin
31:16 Plate Barding Armor
31:59 Blast Furnace
34:11 Caravan
39:13 Conscription
Connection lost

Rejoining the realm…

Still unreachable

The connection could not be restored.

Session expired

The server has moved on; the page needs a fresh start.